 Dungeon Crawl Stone Soup version 0.31-a0-145-g046c7d2549 (webtiles) character file.

Game seed: 5702239721028201322

221 qw the Shooter (level 5, -1/45 HPs)
             Began as a Minotaur Hunter on June 7, 2023.
             Slain by a sleepcap (6 damage)
             ... on level 3 of the Dungeon.
             The game lasted 00:00:37 (1465 turns).

qw the Shooter (Minotaur Hunter)                    Turns: 1465, Time: 00:00:37

Health: -1/45      AC:  6    Str: 17    XL:     5   Next: 65%
Magic:  4/4        EV: 12    Int: 11    God:
Gold:   101        SH:  0    Dex: 16    Spells: 4/4 levels left

rFire   . . .        Y - +0 shortbow
rCold   . . .        (shield currently unavailable)
rNeg    . . .        c - +0 leather armour
rPois   .            (helmet restricted)
rElec   .            (no cloak)
rCorr   .            d - +2 pair of gloves of Weightlessness {*Slow Str+2 Int+5}
SInv    .            (no boots)
Will    .....        (no amulet)
Stlth   +            (no ring)
HPRegen 0.27/turn    (no ring)
MPRegen 0.09/turn

%: slow self (1%)
@: no status effects
A: horns 2, retaliatory headbutt
a: no special abilities


You were on level 3 of the Dungeon.
You visited 1 branch of the dungeon, and saw 3 of its levels.

You collected 101 gold pieces.


Innate Abilities, Weirdness & Mutations

You have a pair of horns on your head.
You reflexively headbutt those who attack you in melee.


   Skills:
 + Level 3.1 Fighting
 - Level 7.3 Ranged Weapons
 - Level 1.0 Armour
 - Level 2.1 Dodging
 - Level 0.7 Stealth


You had 4 spell levels left.
You didn't know any spells.
Your spell library was empty.

Inventory:

Hand Weapons
 Y - a +0 shortbow (weapon)
Armour
 c - a +0 leather armour (worn)
 d - the +2 pair of gloves of Weightlessness (worn) {*Slow Str+2 Int+5}
   (You acquired it on level 2 of the Dungeon)

   Str:       It affects your strength (+2).
   Int:       It affects your intelligence (+5).
   *Slow:     It may slow you when you take damage.
Jewellery
 b - a ring of fire
Wands
 i - a wand of digging (7)
Scrolls
 a - a scroll of identify
Potions
 e - a potion of cancellation
 h - a potion of heal wounds {unknown}
 j - a potion of curing {unknown}

Dungeon Overview and Level Annotations

Branches:
Dungeon (3/15)

Altars:


Message History

You shoot an arrow.
The arrow hits the sleepcap but does no damage.
The sleepcap is moderately damaged.
The sleepcap releases spores at you.
You are engulfed in a cloud of soporific spores!
You fall asleep.
The sleepcap releases spores at you but does no damage.
The sleepcap releases spores at you!!
You wake up.
You shoot an arrow.
The arrow hits the sleepcap but does no damage.
The sleepcap is moderately damaged.
The sleepcap releases spores at you.
You are engulfed in a cloud of soporific spores!
You are unaffected.
You shoot an arrow.
The arrow hits the sleepcap but does no damage.
The sleepcap is moderately damaged.
The sleepcap releases spores at you but does no damage.
You shoot an arrow. The arrow hits the sleepcap.
The sleepcap is moderately damaged.
The sleepcap releases spores at you.
You are engulfed in a cloud of soporific spores!
You are unaffected.
You shoot an arrow.
The arrow hits the sleepcap but does no damage.
The sleepcap is moderately damaged.
The sleepcap closely misses you.
You shoot an arrow. The arrow hits the sleepcap.
The sleepcap is moderately damaged.
The sleepcap barely misses you.
You shoot an arrow. The arrow hits the sleepcap.
The sleepcap is heavily damaged.
The sleepcap releases spores at you. x2
You are engulfed in a cloud of soporific spores!
You fall asleep.
The sleepcap releases spores at you!
You wake up.
You shoot an arrow. The arrow hits the sleepcap.
The sleepcap is severely damaged.
The sleepcap releases spores at you.
You die...

...# .... ## .......
#.. .....#..##.. ...
.........####.# ...
......#.########
#f###.##...........
#.@.#..##..........
###.#..............
#................
#######.............
#........%#.......<.
#.#####...##########
##..#### #.....#
#.....#


You could see a sleepcap.

Vanquished Creatures
  Sigmund (D:2)
  An adder (D:3)
  A worm (D:2)
  2 dart slugs
  6 ball pythons
  An endoplasm (D:1)
  5 giant cockroaches
  3 goblins
  3 hobgoblins
  3 jackals (D:2)
  4 kobolds
  5 quokkas
  2 bats (D:1)
  2 frilled lizards
  3 rats
42 creatures vanquished.

Notes
Turn   | Place    | Note
-------+----------+-------------------------------------------
     0 | D:1      | qw the Minotaur Hunter began the quest for the Orb.
     0 | D:1      | Reached XP level 1. HP: 18/18 MP: 0/0
     0 | D:1      | 0 ||| qw: Version: 0.2-a-117-gc6b5c8b
     0 | D:1      | 0 ||| qw: Game counter: 2454
     0 | D:1      | 0 ||| qw: Always use a shield: true
     0 | D:1      | 0 ||| qw: God list: Okawaru
     0 | D:1      | 0 ||| qw: Allow faded altars: false
     0 | D:1      | 0 ||| qw: Do Orc after D:15 true
     0 | D:1      | 0 ||| qw: Do second Lair branch before Depths: true
     0 | D:1      | 0 ||| qw: Lair rune preference: random
     0 | D:1      | 0 ||| qw: Plans: Normal
     0 | D:1      | 0 ||| PLANNING D:1-11
   197 | D:1      | Reached XP level 2. HP: 25/25 MP: 1/1
   216 | D:1      | Reached skill level 5 in Ranged Weapons
   299 | D:1      | Reached skill level 3 in Fighting
   664 | D:1      | Reached XP level 3. HP: 31/31 MP: 2/2
   793 | D:1      | 793 ||| READING 2 scrolls labelled TYATET YNAMOEC.
   794 | D:1      | 794 ||| READING 3 scrolls labelled GUNYUN NYFEUCRU.
   795 | D:1      | 795 ||| DROPPING scroll of butterflies.
   796 | D:1      | 796 ||| DROPPING 2 scrolls of amnesia.
  1189 | D:2      | Noticed Sigmund
  1206 | D:2      | Killed Sigmund
  1207 | D:2      | Reached skill level 7 in Ranged Weapons
  1207 | D:2      | Reached XP level 4. HP: 38/38 MP: 3/3
  1207 | D:2      | Reached XP level 5. HP: 45/45 MP: 4/4
  1360 | D:2      | 1360 ||| READING scroll labelled OLUAPHI ZUCH.
  1360 | D:2      | Identified a scroll of acquirement
  1360 | D:2      | 1360 ||| ACQUIRING +2 pair of gloves of Weightlessness
                  | {*Slow Str+2 Int+5}
  1360 | D:2      | Acquired the +2 pair of gloves of Weightlessness {*Slow
                  | Str+2 Int+5}
  1362 | D:2      | 1362 ||| UPGRADING to +2 pair of gloves of Weightlessness
                  | {*Slow Str+2 Int+5}.
  1367 | D:2      | 1367 ||| READING scroll labelled CEKHUEC XIARECS.
  1372 | D:2      | 1372 ||| READING 3 scrolls of identify.
  1372 | D:2      | 1372 ||| IDENTIFYING ruby potion
  1373 | D:2      | 1373 ||| READING 2 scrolls of identify.
  1373 | D:2      | 1373 ||| IDENTIFYING bubbling cyan potion
  1374 | D:2      | 1374 ||| DROPPING potion of invisibility.
  1454 | D:3      | Reached skill level 1 in Armour
  1464 | D:3      | HP: 4/45 [sleepcap (8)]
  1465 | D:3      | Slain by a sleepcap

Levels and vault maps discovered:
D:1:      amcnicky_arrival_single_pillar, layout_basic
D:2:      layout_basic, uniq_sigmund
D:3:      layout_rooms, ebering_ghost_sewer_d, minmay_close_crescents

Skill      XL: |  1  2  3  4  5 |
---------------+----------------+-----
Ranged Weapons | 5 7 |  7.3
Fighting       | 3 |  3.1
Armour         | 1 |  1.0
Dodging        | |  2.1
Stealth        | |  0.7

Action                     |  1- 3 |  4- 6 || total
---------------------------+-------+-------++-------
   Fire: Shortbow          |   129 |    25 ||   154
    Use: Scroll            |     2 |     4 ||     6
 Armour: Leather armour    |    12 |     5 ||    17
  Dodge: Dodged            |    38 |     8 ||    46

Table legend:
 A = Non-vault XP
 B = Vault XP
 C = Vault XP percentage of total XP
 D = Non-vault monster count
 E = Vault monster count
 F = Vault count percentage of total count
                 A         B        C        D         E       F
            +---------+---------+-------+---------+---------+-------
      Total |      90 |     226 |  71.5 |      41 |       1 |   2.4
            +---------+---------+-------+---------+---------+-------
        D:1 |      43 |       0 |   0.0 |      24 |       0 |   0.0
        D:2 |      29 |     226 |  88.6 |      14 |       1 |   6.7
        D:3 |      18 |       0 |   0.0 |       3 |       0 |   0.0
            +---------+---------+-------+---------+---------+-------
